TOP OF THE 1ST |
Arkansas Travelers batting - Pitching for Memphis Blues : RHP John Beckwith
|
Pitching: RHP John Beckwith
|
|
Batting: RHB Randy Milligan
|
0-0: Ground out 5-3 (Groundball, 5, EV 75.6 MPH)
|
Batting: RHB Dennis Seats
|
0-0: Called Strike 0-1: Ball 1-1: Foul Ball, location: 2F 1-2: Ball 2-2: Ground out 4-3 (Groundball, 4, EV 91.3 MPH)
|
Batting: LHB Phil Stephenson
|
0-0: Called Strike 0-1: Foul Ball, location: 2F 0-2: Ball 1-2: Ball 2-2: SINGLE (Line Drive, 9S, EV 101.9 MPH)
|
Batting: SHB Bobby Bonilla
|
0-0: Called Strike 0-1: Ball 1-1: Ball 2-1: Foul Ball, location: 2F 2-2: SINGLE (Groundball, 34S, EV 69.4 MPH) (infield hit) Phil Stephenson to second
|
Batting: RHB Denny Gonzalez
|
0-0: Ball Wild Pitch! Phil Stephenson to third Bobby Bonilla to second 1-0: DOUBLE (Groundball, 3L, EV 110.0 MPH) Phil Stephenson scores Bobby Bonilla scores
|
Batting: SHB Bob Meacham
|
0-0: Ball 1-0: Ball 2-0: Swinging Strike 2-1: Swinging Strike 2-2: Ball 3-2: Foul Ball, location: 2F 3-2: Base on Balls
|
Batting: LHB Jesus Marinez
|
0-0: Ball 1-0: Swinging Strike 1-1: Ball 2-1: Foul Ball, location: 2F 2-2: Ball 3-2: Foul Ball, location: 2F 3-2: Base on Balls Denny Gonzalez to third Bob Meacham to second
|
Batting: RHB Rob Deer
|
0-0: Fly out, F9 (Flyball, 9, EV 98.8 MPH)
|
Top of the 1st over - 2 runs, 3 hits, 0 errors, 3 left on base; Arkansas 2 - Memphis 0 |
BOTTOM OF THE 1ST |
Memphis Blues batting - Pitching for Arkansas Travelers : RHP Reginald Jackson
|
Pitching: RHP Reginald Jackson
|
|
Batting: RHB Mariano Duncan
|
0-0: Ball 1-0: Called Strike 1-1: DOUBLE (Groundball, 5L, EV 105.6 MPH)
|
Batting: LHB John Robbins
|
0-0: Foul Ball, location: 2F 0-1: Ball 1-1: SINGLE (Groundball, 4MD, EV 100.0 MPH) Mariano Duncan to third Runner from 3rd tries for Home, SAFE, throw by CF to home John Robbins to second
|
Batting: LHB David Christianson
|
0-0: Ball 1-0: Called Strike 1-1: Ball 2-1: Ball 3-1: Base on Balls
|
Batting: RHB Chris James
|
0-0: Foul Ball, location: 2F 0-1: Called Strike 0-2: Fielders Choice at 2nd, 5-4 (Groundball, 56S, EV 88.8 MPH) John Robbins to third
|
Batting: LHB Don Jacoby
|
0-0: Ball 1-0: Grounds out, U3 (Groundball, 3L, EV 98.1 MPH) John Robbins scores
|
Batting: RHB Augustine Garrett
|
0-0: Called Strike 0-1: Ball 1-1: Ball 2-1: Called Strike 2-2: Ball 3-2: 2-RUN HOME RUN (Flyball, 78XD, EV 99.4 MPH), Distance : 420 ft
|
Batting: RHB Dave Penniall
|
0-0: Ball 1-0: Swinging Strike 1-1: Ball 2-1: Foul Ball, location: 2F 2-2: Foul Ball, location: 2F 2-2: Strikes out swinging
|
Bottom of the 1st over - 4 runs, 3 hits, 0 errors, 0 left on base; Arkansas 2 - Memphis 4 |
TOP OF THE 2ND |
Arkansas Travelers batting - Pitching for Memphis Blues : RHP John Beckwith
|
Batting: RHB Alex Duarte
|
0-0: Foul Ball, location: 2F 0-1: Ball 1-1: Swinging Strike 1-2: SINGLE (Line Drive, 6M, EV 95.0 MPH)
|
Batting: RHB Randy Milligan
|
0-0: Swinging Strike 0-1: Swinging Strike 0-2: Fly out, F2 (Popup, 13S, EV 84.4 MPH)
|
Batting: RHB Dennis Seats
|
0-0: Ball 1-0: Foul Ball, location: 2F 1-1: Ball 2-1: Fly out, F7 (Flyball, 78S, EV 87.5 MPH)
|
Batting: LHB Phil Stephenson
|
0-0: Ball 1-0: Called Strike 1-1: Ball 2-1: Called Strike 2-2: Foul Ball, location: 2F 2-2: Ball 3-2: Foul Ball, location: 2F 3-2: Ground out 4-3 (Groundball, 4, EV 81.3 MPH)
|
Top of the 2nd over - 0 runs, 1 hit, 0 errors, 1 left on base; Arkansas 2 - Memphis 4 |
BOTTOM OF THE 2ND |
Memphis Blues batting - Pitching for Arkansas Travelers : RHP Reginald Jackson
|
Batting: RHB Bradley Shames
|
0-0: Ball 1-0: Swinging Strike 1-1: Foul Ball, location: 2F 1-2: Foul Ball, location: 2F 1-2: Fly out, F8 (Flyball, 8RXD, EV 99.4 MPH)
|
Batting: RHB William Muth
|
0-0: Fly out, F9 (Flyball, 9D, EV 96.3 MPH)
|
Batting: RHB Mariano Duncan
|
0-0: Ball 1-0: Swinging Strike 1-1: TRIPLE (Line Drive, 89XD, EV 103.8 MPH)
|
Batting: LHB John Robbins
|
0-0: Foul Ball, location: 2F 0-1: Ball 1-1: Foul Ball, location: 2F 1-2: Ball 2-2: Foul Ball, location: 2F 2-2: SINGLE (Line Drive, 9S, EV 89.4 MPH) Mariano Duncan scores
|
Batting: LHB David Christianson
|
0-0: Called Strike 0-1: Ball 1-1: Ball 2-1: Ball 3-1: Foul Ball, location: 2F 3-2: Foul Ball, location: 2F 3-2: Foul Ball, location: 2F 3-2: Base on Balls John Robbins to second
|
Batting: RHB Chris James
|
0-0: Called Strike 0-1: Ball 1-1: Fly out, F2 (Popup, 2LF, EV 92.5 MPH)
|
Bottom of the 2nd over - 1 run, 2 hits, 0 errors, 2 left on base; Arkansas 2 - Memphis 5 |
TOP OF THE 3RD |
Arkansas Travelers batting - Pitching for Memphis Blues : RHP John Beckwith
|
Batting: SHB Bobby Bonilla
|
0-0: Foul Ball, location: 2F 0-1: Ball 1-1: Fly out, F4 (Popup, 4, EV 70.0 MPH)
|
Batting: RHB Denny Gonzalez
|
0-0: Ball 1-0: Fly out, F7 (Flyball, 7S, EV 80.0 MPH)
|
Batting: SHB Bob Meacham
|
0-0: Foul Ball, location: 2F 0-1: Ball 1-1: SINGLE (Groundball, 56D, EV 96.3 MPH)
|
Batting: LHB Jesus Marinez
|
0-0: Ground out 1-3 (Groundball, 15S, EV 62.5 MPH)
|
Top of the 3rd over - 0 runs, 1 hit, 0 errors, 1 left on base; Arkansas 2 - Memphis 5 |
BOTTOM OF THE 3RD |
Memphis Blues batting - Pitching for Arkansas Travelers : RHP Reginald Jackson
|
Batting: LHB Don Jacoby
|
0-0: Called Strike 0-1: Ball 1-1: Called Strike 1-2: Ball 2-2: Strikes out looking
|
Batting: RHB Augustine Garrett
|
0-0: Swinging Strike 0-1: Ball 1-1: Swinging Strike 1-2: Strikes out looking
|
Batting: RHB Dave Penniall
|
0-0: Ball 1-0: Swinging Strike 1-1: Fly out, F9 (Line Drive, 9, EV 102.5 MPH)
|
Bottom of the 3rd over - 0 runs, 0 hits, 0 errors, 0 left on base; Arkansas 2 - Memphis 5 |
TOP OF THE 4TH |
Arkansas Travelers batting - Pitching for Memphis Blues : RHP John Beckwith
|
Batting: RHB Rob Deer
|
0-0: Called Strike 0-1: Swinging Strike 0-2: Ground out 5-3 (Groundball, 56, EV 104.4 MPH)
|
Batting: RHB Alex Duarte
|
0-0: Foul Ball, location: 2F 0-1: Ball 1-1: Bunt for hit to 3S - play at first, batter safe!
|
Batting: RHB Randy Milligan
|
0-0: Foul Ball, location: 2F 0-1: Ball 1-1: Ball 2-1: Swinging Strike 2-2: Foul Ball, location: 2F 2-2: Ground out 5-3 (Groundball, 56S, EV 67.5 MPH) Alex Duarte to second
|
Batting: RHB Dennis Seats
|
0-0: Called Strike 0-1: Fly out, F8 (Line Drive, 8RM, EV 91.9 MPH)
|
Top of the 4th over - 0 runs, 1 hit, 0 errors, 1 left on base; Arkansas 2 - Memphis 5 |
BOTTOM OF THE 4TH |
Memphis Blues batting - Pitching for Arkansas Travelers : RHP Reginald Jackson
|
Batting: RHB Bradley Shames
|
0-0: Ball 1-0: Ball 2-0: Ball 3-0: Called Strike 3-1: Foul Ball, location: 2F 3-2: Strikes out looking
|
Batting: RHB William Muth
|
0-0: Ball 1-0: Called Strike 1-1: Ball 2-1: Ball 3-1: Base on Balls
|
Batting: RHB Mariano Duncan
|
0-0: Ball 1-0: Ball 2-0: Called Strike 2-1: Fly out, F8 (Line Drive, 8LD, EV 91.9 MPH)
|
Batting: LHB John Robbins
|
0-0: Ball 1-0: Ball 2-0: Called Strike 2-1: Foul Ball, location: 2F 2-2: Ball 3-2: Foul Ball, location: 2F 3-2: Base on Balls William Muth to second
|
Batting: LHB David Christianson
|
0-0: Foul Ball, location: 2F 0-1: Swinging Strike 0-2: Foul Ball, location: 2F 0-2: Foul Ball, location: 2F 0-2: Strikes out swinging
|
Bottom of the 4th over - 0 runs, 0 hits, 0 errors, 2 left on base; Arkansas 2 - Memphis 5 |
TOP OF THE 5TH |
Arkansas Travelers batting - Pitching for Memphis Blues : RHP John Beckwith
|
Batting: LHB Phil Stephenson
|
0-0: Swinging Strike 0-1: Called Strike 0-2: Strikes out swinging
|
Batting: SHB Bobby Bonilla
|
0-0: Ball 1-0: Ball 2-0: Fly out, F9 (Flyball, 9LS, EV 87.5 MPH)
|
Batting: RHB Denny Gonzalez
|
0-0: Ball 1-0: Called Strike 1-1: Ball 2-1: Fly out, F7 (Flyball, 7LM, EV 86.9 MPH)
|
Top of the 5th over - 0 runs, 0 hits, 0 errors, 0 left on base; Arkansas 2 - Memphis 5 |
BOTTOM OF THE 5TH |
Memphis Blues batting - Pitching for Arkansas Travelers : RHP Reginald Jackson
|
Batting: RHB Chris James
|
0-0: Ball 1-0: Ground out 6-3 (Groundball, 6, EV 101.9 MPH)
|
Batting: LHB Don Jacoby
|
0-0: Ball 1-0: Ball 2-0: Fly out, F9 (Flyball, 9S, EV 84.4 MPH)
|
Batting: RHB Augustine Garrett
|
0-0: Called Strike 0-1: Ball 1-1: Foul Ball, location: 2F 1-2: Ball 2-2: Strikes out swinging
|
Bottom of the 5th over - 0 runs, 0 hits, 0 errors, 0 left on base; Arkansas 2 - Memphis 5 |
TOP OF THE 6TH |
Arkansas Travelers batting - Pitching for Memphis Blues : RHP John Beckwith
|
Pitching: RHP Anthony Threatt
|
|
Batting: SHB Bob Meacham
|
0-0: Foul Ball, location: 2F 0-1: Ball 1-1: Ball 2-1: Ball 3-1: Swinging Strike 3-2: Base on Balls
|
Batting: LHB Jesus Marinez
|
0-0: Swinging Strike 0-1: Foul Ball, location: 2F 0-2: Ball 1-2: Ball 2-2: Foul Ball, location: 2F 2-2: Strikes out swinging
|
Batting: RHB Rob Deer
|
0-0: Ball 1-0: Ball 2-0: Ball 3-0: Base on Balls Bob Meacham to second
|
Batting: RHB Alex Duarte
|
0-0: Swinging Strike 0-1: Ball 1-1: Ball 2-1: Fielders Choice at 2nd, 6-4 (Groundball, 6, EV 80.6 MPH) Bob Meacham to third
|
Batting: RHB Randy Milligan
|
0-0: Called Strike 0-1: Ball 1-1: Ball 2-1: Swinging Strike 2-2: Strikes out swinging
|
Top of the 6th over - 0 runs, 0 hits, 0 errors, 2 left on base; Arkansas 2 - Memphis 5 |
BOTTOM OF THE 6TH |
Memphis Blues batting - Pitching for Arkansas Travelers : RHP Reginald Jackson
|
Batting: RHB Dave Penniall
|
0-0: Called Strike 0-1: Ball 1-1: Foul Ball, location: 2F 1-2: Ball 2-2: Ball 3-2: Ground out 3-1 (Groundball, 34, EV 100.0 MPH)
|
Batting: RHB Bradley Shames
|
0-0: Ball 1-0: Called Strike 1-1: Ball 2-1: Ball 3-1: Base on Balls
|
Batting: RHB William Muth
|
0-0: Ball 1-0: Grounds into double play, 6-4-3 (Groundball, 56, EV 89.4 MPH)
|
Bottom of the 6th over - 0 runs, 0 hits, 0 errors, 0 left on base; Arkansas 2 - Memphis 5 |
TOP OF THE 7TH |
Arkansas Travelers batting - Pitching for Memphis Blues : RHP Anthony Threatt
|
Batting: RHB Dennis Seats
|
0-0: Ground out 3-1 (Groundball, 34, EV 80.0 MPH)
|
Batting: LHB Phil Stephenson
|
0-0: Ball 1-0: Fly out, F8 (Flyball, 8LS, EV 83.8 MPH)
|
Batting: SHB Bobby Bonilla
|
0-0: Ball 1-0: Foul Ball, location: 2F 1-1: Foul Ball, location: 2F 1-2: Strikes out swinging
|
Top of the 7th over - 0 runs, 0 hits, 0 errors, 0 left on base; Arkansas 2 - Memphis 5 |
BOTTOM OF THE 7TH |
Memphis Blues batting - Pitching for Arkansas Travelers : RHP Reginald Jackson
|
Batting: RHB Mariano Duncan
|
0-0: Ball 1-0: Ball 2-0: Called Strike 2-1: Foul Ball, location: 2F 2-2: Foul Ball, location: 2F 2-2: Strikes out swinging, 2-3 out at first.
|
Batting: LHB John Robbins
|
0-0: Called Strike 0-1: Ball 1-1: Ball 2-1: Ball 3-1: Called Strike 3-2: Fly out, F7 (Flyball, 7LS, EV 83.1 MPH)
|
Batting: LHB David Christianson
|
0-0: Ball 1-0: Called Strike 1-1: Swinging Strike 1-2: Ball 2-2: Ball 3-2: Foul Ball, location: 2F 3-2: Base on Balls
|
Batting: RHB Chris James
|
0-0: Foul Ball, location: 2F 0-1: Fly out, F9 (Flyball, 9LM, EV 105.0 MPH)
|
Bottom of the 7th over - 0 runs, 0 hits, 0 errors, 1 left on base; Arkansas 2 - Memphis 5 |
TOP OF THE 8TH |
Arkansas Travelers batting - Pitching for Memphis Blues : RHP Anthony Threatt
|
Batting: RHB Denny Gonzalez
|
0-0: Ball 1-0: Swinging Strike 1-1: Ground out 4-3 (Groundball, 4, EV 88.8 MPH)
|
Batting: SHB Bob Meacham
|
0-0: Called Strike 0-1: Called Strike 0-2: Ground out 6-3 (Groundball, 6, EV 89.4 MPH)
|
Batting: LHB Jesus Marinez
|
0-0: Ball 1-0: Ball 2-0: Ball 3-0: Called Strike 3-1: Base on Balls
|
Pitching: RHP Mark Humphrey
|
|
Batting: RHB Rob Deer
|
0-0: Ball 1-0: Called Strike 1-1: Ball 2-1: Fielders Choice at 2nd, 6-4 (Groundball, 6, EV 81.3 MPH)
|
Top of the 8th over - 0 runs, 0 hits, 0 errors, 1 left on base; Arkansas 2 - Memphis 5 |
BOTTOM OF THE 8TH |
Memphis Blues batting - Pitching for Arkansas Travelers : RHP Reginald Jackson
|
Pitching: RHP Donald Brazell
|
|
Batting: LHB Don Jacoby
|
0-0: Foul Ball, location: 2F 0-1: SOLO HOME RUN (Flyball, 89XD, EV 101.9 MPH), Distance : 446 ft
|
Batting: RHB Augustine Garrett
|
0-0: Called Strike 0-1: Ball 1-1: Foul Ball, location: 2F 1-2: SOLO HOME RUN (Flyball, 7D, EV 95.0 MPH), Distance : 387 ft
|
Batting: RHB Dave Penniall
|
0-0: Foul Ball, location: 2F 0-1: Called Strike 0-2: Fly out, F8 (Line Drive, 8LD, EV 92.5 MPH)
|
Batting: RHB Bradley Shames
|
0-0: Swinging Strike 0-1: Foul Ball, location: 2F 0-2: Ball 1-2: Ball 2-2: Foul Ball, location: 2F 2-2: Strikes out swinging
|
Batting: RHB William Muth
|
0-0: Called Strike 0-1: Ball 1-1: Ball 2-1: Called Strike 2-2: DOUBLE (Flyball, 89XD, EV 116.3 MPH)
|
Batting: RHB Mariano Duncan
|
0-0: Ball 1-0: Ball 2-0: DOUBLE (Flyball, 8RXD, EV 96.3 MPH) William Muth scores
|
Pitching: LHP Kevin Joyce
|
|
Batting: LHB John Robbins
|
0-0: Ball 1-0: Called Strike 1-1: Foul Ball, location: 2F 1-2: Ball 2-2: Ball 3-2: Base on Balls
|
Batting: LHB David Christianson
|
0-0: Ball 1-0: Ball 2-0: Called Strike 2-1: Ball 3-1: Base on Balls Mariano Duncan to third John Robbins to second
|
Batting: RHB Chris James
|
0-0: Swinging Strike 0-1: Ground out U3 (Groundball, 3S, EV 81.9 MPH)
|
Bottom of the 8th over - 3 runs, 4 hits, 0 errors, 3 left on base; Arkansas 2 - Memphis 8 |
TOP OF THE 9TH |
Arkansas Travelers batting - Pitching for Memphis Blues : RHP Mark Humphrey
|
Batting: RHB Alex Duarte
|
0-0: Fly out, F8 (Line Drive, 8LD, EV 90.0 MPH)
|
Batting: RHB Randy Milligan
|
0-0: Ball 1-0: Ball 2-0: SINGLE (Groundball, 56D, EV 106.3 MPH)
|
Batting: RHB Dennis Seats
|
0-0: Ball 1-0: Ball 2-0: Ball 3-0: Called Strike 3-1: Fly out, F9 (Flyball, 9LS, EV 88.1 MPH)
|
Batting: LHB Phil Stephenson
|
Pickoff Throw to First - Error! E1 Randy Milligan to second 0-0: Foul Ball, location: 2F 0-1: Foul Ball, location: 2F 0-2: SINGLE (Flyball, 6MD, EV 95.6 MPH) Randy Milligan to third
|
Batting: SHB Bobby Bonilla
|
0-0: Ball 1-0: Fielders Choice at 2nd, U4 (Groundball, 4M, EV 81.3 MPH)
|
Top of the 9th over - 0 runs, 2 hits, 1 error, 2 left on base; Arkansas 2 - Memphis 8 |
|